 Dungeon Crawl Stone Soup version 0.26-a0-497-g0187308201 (webtiles) character file.

Game seed: 16819333850538663495

248 ANON1729 the Sneak (level 6, -8/57 HPs)
             Began as a Naga Monk on Aug 6, 2020.
             Mangled by an ogre
             ... wielding a +0 giant club
              (18 damage)
             ... on level 4 of the Dungeon.
             The game lasted 00:05:31 (4180 turns).

ANON1729 the Sneak (Naga Monk)                      Turns: 4180, Time: 00:05:31

Health: -8/57      AC:  4    Str: 13    XL:     6   Next: 12%
Magic:  6/6        EV: 11    Int: 11    God:
Gold:   197        SH:  0    Dex: 15    Spells: 5/5 levels left

rFire    . . .     SeeInvis +   a - +0 falchion
rCold    . . .     Faith    .   (no shield)
rNeg     . . .     Spirit   .   t - +0 robe
rPois    +         Reflect  .   r - +0 helmet
rElec    .         Harm     .   (no cloak)
rCorr    .                      (no gloves)
MR       .....                  (no barding)
Stlth    +++.......             (no amulet)
HPRegen  0.19/turn              (no ring)
MPRegen  0.10/turn              (no ring)

@: short of breath, flying, very slow
A: large, see invisible, deformed body, poison resistance, slowness 2, spit
poison 1, AC +2
a: Spit Poison


You were on level 4 of the Dungeon.
You visited 1 branch of the dungeon, and saw 4 of its levels.

You collected 197 gold pieces.

Inventory:

Hand Weapons
 a - a +0 falchion (weapon)
 k - a +1 dagger of venom
Armour
 b - a +0 robe
 r - a +0 helmet (worn)
 t - a +0 robe (worn)
Scrolls
 d - a scroll of remove curse
 f - a scroll of enchant weapon {unknown}
 g - 4 scrolls of identify
 h - 2 scrolls of teleportation {unknown}
 l - 2 scrolls of fear {unknown}
 n - a scroll of fog {unknown}
 o - 2 scrolls of immolation {unknown}
Potions
 c - a potion of curing
 e - a potion of berserk rage {unknown}
 i - 3 potions of resistance
 j - a potion of magic {unknown}
 m - a potion of cancellation {unknown}
 p - a potion of flight
 q - a potion of brilliance {unknown}
 s - a potion of stabbing {unknown}


   Skills:
 + Level 4.2 Fighting
 + Level 4.1 Long Blades
 + Level 3.4 Dodging
 + Level 5.5 Stealth


You had 5 spell levels left.
You didn't know any spells.
Your spell library was empty.

Dungeon Overview and Level Annotations

Branches:
Dungeon (4/15)
 Temple: D:4-7

Altars:
Dithmenos
Sif Muna


Innate Abilities, Weirdness & Mutations

You cannot wear boots.
Your serpentine skin is tough. (AC +2)
You have supernaturally acute eyesight. (SInv)
Armour fits poorly on your strangely shaped body.
Your system is resistant to poisons. (rPois)
You cover ground very slowly.
You can spit poison.


Message History

The hound bites you.
* * * LOW HITPOINT WARNING * * *
The hound closely misses you.
You riposte.
You hit the hound.
You kill the hound!
You have reached level 6!
Your experience leads to an increase in your attributes!
Increase (S)trength, (I)ntelligence, or (D)exterity?
You feel agile.
Your skin feels tougher.
It was a potion of flight.
You feel very buoyant.
You fly up into the air.
You have got your breath back.
The ogre closely misses you.
You riposte.
You completely miss the ogre.
The ogre is moderately wounded.
Press: ? - help, Shift-Dir - straight line, f - ogre
Aim: an ogre, wielding a +0 giant club (moderately wounded)
The splash of poison hits the ogre!
The ogre is poisoned.
The ogre is severely wounded.
The ogre hits you with a +0 giant club!!
You die...

#.....# #.....#
#.....# #.....#
#.....# #.....#
#######.....##
#.O†............
#@#####.....####
#.# ####### #.#
#.# #.# #.# #)#
#.# #.#


You could see an ogre (poisoned).

Vanquished Creatures
  2 hounds
  Natasha (thrice) (D:2)
  A gnoll (D:1)
  5 adders
  An ooze (D:3)
  2 worms (D:2)
  3 dart slugs (D:1)
  A leopard gecko (D:3)
  A ball python (D:1)
  A giant cockroach (D:2)
  5 goblins
  4 hobgoblins
  4 jackals
  7 kobolds
  4 bats
  3 frilled lizards
  5 rats
52 creatures vanquished.

Notes
Turn   | Place    | Note
-------+----------+-------------------------------------------
     0 | D:1      | ANON1729 the Naga Monk began the quest for the Orb.
     0 | D:1      | Reached XP level 1. HP: 21/21 MP: 1/1
    31 | D:1      | HP: 1/21 [kobold (2)]
   433 | D:1      | Reached XP level 2. HP: 28/28 MP: 2/2
   528 | D:1      | Reached XP level 3. HP: 21/34 MP: 3/3
  1463 | D:2      | Reached skill level 4 in Stealth
  1900 | D:2      | Reached XP level 4. HP: 38/42 MP: 4/4
  2168 | D:2      | Noticed Natasha
  2182 | D:2      | HP: 1/42 [Natasha (8)]
  2184 | D:2      | Killed Natasha
  2508 | D:2      | Noticed Natasha
  2520 | D:2      | Killed Natasha
  2520 | D:2      | Reached XP level 5. HP: 31/50 MP: 5/5
  2935 | D:2      | Noticed Natasha
  2955 | D:2      | Killed Natasha
  3275 | D:3      | Reached skill level 5 in Stealth
  3294 | D:3      | Found a shadowy altar of Dithmenos.
  3573 | D:3      | Found a shimmering blue altar of Sif Muna.
  4163 | D:4      | Noticed an ogre
  4177 | D:4      | Reached XP level 6. HP: 10/57 MP: 6/6
  4180 | D:4      | Mangled by an ogre

Illustrated notes

Levels and vault maps discovered:
D:1:      lightli_molten_gateway, layout_loops_ring,
          hangedman_abyss_or_decor_stabs
D:2:      layout_basic, uniq_natasha
D:3:      layout_loops_corners, lemuel_round_altar,
          grunt_dithmenos_smoke_and_mirrors
D:4:      layout_basic, minmay_distorted

Skill      XL: |  1  2  3  4  5 |
---------------+----------------+-----
Stealth        | 4 5 |  5.5
Dodging        | 3 |  3.4
Fighting       | 4 |  4.2
Long Blades    | 4 |  4.1

Action                   |  1- 3 |  4- 6 || total
-------------------------+-------+-------++-------
Melee: Falchion          |    72 |    83 ||   155
 Abil: Spit Poison       |     6 |    10 ||    16
  Use: Potion            |       |     5 ||     5
       Scroll            |       |     2 ||     2
 Stab: Sleeping          |     5 |     4 ||     9
Armor: Robe              |    20 |    13 ||    33
Dodge: Dodged            |    48 |    64 ||   112
       Rpst.: Falchion   |    15 |    28 ||    43

Table legend: (Time is in decaauts)
 A = Elapsed time spent in this place.
 B = Non-inter-level travel time spent in this place.
 C = Inter-level travel time spent in this place.
 D = Time resting spent in this place.
 E = Time spent auto-exploring this place.
 F = Levels seen in this place.
 G = Mean time per level.
                   A        B        C        D        E       F      G
               +--------+--------+--------+--------+--------+-----+--------+
         Total |   5246 |   4634 |    612 |   1308 |   2736 |   4 | 1311.5 |
       Dungeon |   5246 |   4634 |    612 |   1308 |   2736 |   4 | 1311.5 |
               +--------+--------+--------+--------+--------+-----+--------+

Top non-repeatable levels by time:
     D:2: 2200 daAuts
     D:1: 1557 daAuts
     D:3: 1444 daAuts
     D:4: 43 daAuts
